 Dungeon Crawl Stone Soup version 0.23.0 (webtiles) character file.

Game seed: 18206151633606658571

51 Jethus the Magician (level 3, 0/26 HPs)
             Began as a Demonspawn Wizard on Feb 14, 2019.
             Was an Initiate of Yredelemnul.
             Slain by a phantom (7 damage)
             ... on level 2 of the Dungeon on Feb 15, 2019.
             The game lasted 00:27:57 (2444 turns).

Jethus the Magician (Demonspawn Wizard)             Turns: 2444, Time: 00:27:57

Health: 0/26       AC:  3    Str:  8    XL:     3   Next: 57%
Magic:  8/16       EV: 12    Int: 19    God:    Yredelemnul [......]
Gold:   67         SH:  0    Dex: 11    Spells: 1/8 levels left

rFire    + . .     SeeInvis .   f - +0 dagger
rCold    . . .     Gourm    +   (no shield)
rNeg     . . .     Faith    .   a - +0 robe
rPois    .         Spirit   .   b - +0 hat
rElec    .         Reflect  .   l - +0 cloak
rCorr    .         Harm     .   (no gloves)
MR       .....                  (no boots)
Stlth    ++........             k - amulet of the gourmand
HPRegen  0.08/turn              g - ring of magical power
MPRegen  0.15/turn              (no ring)

@: lightly drained
A: claws 1, fire resistance 1
a: Renounce Religion


You were on level 2 of the Dungeon.
You worshipped Yredelemnul.
Yredelemnul was noncommittal.
You were not hungry.

You visited 1 branch of the dungeon, and saw 3 of its levels.

You collected 67 gold pieces.

Inventory:

Hand Weapons
 f - a +0 dagger (weapon)
Missiles
 i - 100 stones (quivered)
Armour
 a - a +0 robe (worn)
 b - a +0 hat (worn)
 l - a +0 cloak (worn)
Jewellery
 g - a ring of magical power (left claw)
 k - an amulet of the gourmand (around neck)
Scrolls
 j - a scroll of remove curse
Potions
 c - a potion of agility
 e - 3 potions of flight
 h - a potion of curing
Comestibles
 d - 5 rations


   Skills:
 + Level 1.0(0.9) Fighting
 + Level 0.3(0.2) Short Blades
 + Level 0.3(0.2) Armour
 + Level 2.2(2.1) Dodging
 + Level 2.2(2.0) Stealth
 + Level 3.2(3.1) Spellcasting
 + Level 1.5(1.4) Conjurations
 - Level 1.0(0.8) Summonings
 - Level 0.8(0.7) Translocations
 + Level 0.7(0.6) Invocations


You had one spell level left.
You knew the following spells:

 Your Spells              Type           Power        Failure   Level  Hunger
a - Magic Dart            Conj           #...         9%          1    None
b - Call Imp              Summ           #.......     16%         2    ##.....
c - Blink                 Tloc           N/A          17%         2    ##.....
d - Slow                  Hex            #.......     22%         2    ##.....

Your spell library contained the following spells:

 Spells                   Type           Power        Failure   Level  Hunger
 Conjure Flame            Conj/Fire      #.......     34%         3    ###....
 Mephitic Cloud           Conj/Pois/Air  #.......     36%         3    ###....


Dungeon Overview and Level Annotations

Branches:
Dungeon (3/15)

Altars:
Nemelex Xobeh
Yredelemnul


Innate Abilities, Weirdness & Mutations

You have sharp fingernails.
Your flesh is heat resistant. (rF+)


Message History

Your white imp gestures at the phantom.
The puff of frost hits the phantom.
The phantom resists.
Casting: Call Imp (safe; 16% risk of failure)
Confirm with . or Enter, or press ? or * to list all spells.
A beastly little devil appears in a puff of flame.
You swap places.
The phantom hits you!
* * * LOW HITPOINT WARNING * * *
Your white imp hits the phantom but does no damage.
Your crimson imp blinks!
Your white imp hits the phantom but does no damage.
Your crimson imp barely misses the phantom.
Your crimson imp blinks!
Your crimson imp blinks!
The phantom blinks!
Your white imp misses the phantom.
The phantom blinks!
Your white imp disappears in a puff of smoke!
The phantom blinks!
The phantom hits you!
You die...
Your body rises from the dead as a mindless zombie.

####### ......# ########
#####.# #<.....# # #.######
######W# #
#.##...###########.####### #
#........##......#.......#
########...#.##..W##.#.......#
.......#...#.##.@.##.#.......#
#...##.#####.##...##.#......)#
#...##.# #..'...##.#.......#
#...##.# ####...##.##......#
#...##.# #.......'......#
######.### ####.)..#......#
.........#### #....#......#
.........'..# #....#......#
..)......##.# #############


You could see a phantom.

Vanquished Creatures
  2 adders (D:2)
  A leopard gecko (D:1)
  4 giant cockroaches (D:2)
  4 goblins (D:1)
  8 bats
  3 frilled lizards (D:2)
  4 kobolds
  5 rats
31 creatures vanquished.

Vanquished Creatures (collateral kills)
  A worm (D:2)
  2 goblins (D:2)
3 creatures vanquished.

Grand Total: 34 creatures vanquished

Notes
Turn   | Place    | Note
-------+----------+-------------------------------------------
     0 | D:1      | Jethus the Demonspawn Wizard began the quest for the Orb.
     0 | D:1      | Reached XP level 1. HP: 13/13 MP: 4/4
   303 | D:1      | Gained mutation: You have sharp fingernails. [demonic
                  | ancestry]
   303 | D:1      | Reached XP level 2. HP: 20/20 MP: 6/6
   691 | D:2      | Noticed a phantom
   943 | D:2      | Found a sparkling altar of Nemelex Xobeh.
   950 | D:2      | Became a worshipper of Nemelex Xobeh the Trickster
  1129 | D:2      | Learned a level 2 spell: Call Imp
  1132 | D:2      | Learned a level 2 spell: Blink
  1135 | D:2      | Learned a level 2 spell: Slow
  1472 | D:2      | Reached skill level 1 in Fighting
  1484 | D:2      | Gained mutation: Your flesh is heat resistant. (rF+)
                  | [demonic ancestry]
  1484 | D:2      | Reached XP level 3. HP: 24/26 MP: 7/7
  1511 | D:2      | Received a gift from Nemelex Xobeh
  1882 | D:2      | Found a basalt altar of Yredelemnul.
  1902 | D:2      | Fell from the grace of Nemelex Xobeh
  1902 | D:2      | Became a worshipper of Yredelemnul the Dark
  2444 | D:2      | Slain by a phantom

Skill      XL: |  1  2 |
---------------+-------+-----
Stealth        | 2 |  2.2
Dodging        | 2 |  2.2
Fighting       | 1 |  1.0
Short Blades   | |  0.3
Armour         | |  0.3
Spellcasting   | |  3.2
Conjurations   | |  1.5
Summonings     | |  1.0
Translocations | |  0.8
Invocations    | |  0.7

Action                   || total
-------------------------++-------
Melee: Unarmed           ||     4
       Dagger            ||    43
 Cast: Magic Dart        ||    90
       Blink             ||     3
       Call Imp          ||     7
  Use: Potion            ||     4
       Scroll            ||     4
  Eat: Chunk             ||     3
       Ration            ||     1
Armor: Robe              ||     7
       Ring mail         ||    19
Dodge: Dodged            ||    67
